 Dungeon Crawl Stone Soup version 0.19.1 (webtiles) character file.

119 Host24 the Grave Robber (level 5, -6/30 HPs)
             Began as a Kobold Necromancer on Dec 18, 2016.
             Killed from afar by Sigmund (7 damage)
             ... with a magic dart
             ... on level 2 of the Dungeon.
             The game lasted 00:08:01 (2321 turns).

Host24 the Grave Robber (Kobold Necromancer)        Turns: 2321, Time: 00:08:02

Health: -6/30      AC:  6    Str:  5    XL:     5   Next: 23%
Magic:  0/9        EV: 19    Int: 17    God:
Gold:   38         SH:  0    Dex: 21    Spells: 2 memorised, 8 levels left

rFire  + . .     SeeInvis .     k - +0 short sword
rCold  + . .     Gourm    .     v - +0 mottled dragon scales
rNeg   . . .     Faith    .     (shield restricted)
rPois  +         Spirit   .     (no helmet)
rElec  +         Reflect  .     (no cloak)
rCorr  +         Harm     .     (no gloves)
MR     .....                    (no boots)
Stlth  +++.......               (no amulet)
                                (no ring)
                                (no ring)

@: agile, resistant, flying, very slightly contaminated
A: carnivore 3
a: no special abilities


You were on level 2 of the Dungeon.
You were very full.

You visited 1 branch of the dungeon, and saw 2 of its levels.

You collected 38 gold pieces.

Inventory:

Hand Weapons
 g - a +0 dagger
 i - a +0 whip
 k - a +0 short sword (weapon)
 u - a +0 hand axe
Missiles
 d - 87 stones (quivered)
 n - 50 sling bullets
 r - 3 poisoned needles
 t - 12 bolts
Armour
 a - a +0 robe
 p - a +0 chain mail
 v - +0 mottled dragon scales (worn)
 x - a cursed +0 chain mail
Scrolls
 f - 3 scrolls of teleportation {unknown}
 j - a scroll of amnesia {unknown}
 m - 2 scrolls of remove curse {unknown}
 q - a scroll of immolation {unknown}
 s - a scroll of recharging {unknown}
 y - a scroll of blinking {unknown}
Potions
 l - a potion of ambrosia
Books
 b - a book of Necromancy

   Spells                             Type                      Level
   a - Pain                           Necromancy                   1
   b - Animate Skeleton               Necromancy                   1
   c - Vampiric Draining              Necromancy                   3
   d - Regeneration                   Charms/Necromancy            3
   e - Animate Dead                   Necromancy                   4
   f - Control Undead                 Necromancy                   4
Comestibles
 c - a meat ration
 w - a slice of pizza


   Skills:
 - Level 2.0 Fighting
 - Level 2.1 Armour
 - Level 3.0 Dodging
 - Level 2.6 Stealth
 + Level 3.2 Spellcasting
 - Level 4.0 Necromancy


You had 8 spell levels left.
You knew the following spells:

 Your Spells              Type           Power        Failure   Level  Hunger
a - Pain                  Necr           ###.         10%         1    None
b - Animate Skeleton      Necr           N/A          10%         1    None


Dungeon Overview and Level Annotations

Branches:
Dungeon (2/15)

Altars:

Annotations:
D:2 Sigmund


Innate Abilities, Weirdness & Mutations

You are small and have problems with some larger weapons.
You are carnivorous and can eat meat at any time.


Message History

Aim: Sigmund, wielding a scythe of freezing and wearing a robe (almost dead, chance to defeat MR: 81%) Sigmund barely resists.
Sigmund closely misses you.
Casting: Pain
Confirm with . or Enter, or press ? or * to list all spells.
Aiming: Pain
Press: ? - help, Shift-Dir - straight line, f/p - Sigmund
Aim: Sigmund, wielding a scythe of freezing and wearing a robe (almost dead, chance to defeat MR: 81%)
You miscast Pain.
You are very lightly contaminated with residual magic.
Nothing appears to happen.
Sigmund laughs darkly.
Sigmund hits you with a scythe of freezing!
* * * LOW HITPOINT WARNING * * *
Sigmund freezes you.
* * * LOW HITPOINT WARNING * * *
You hit Sigmund.
Sigmund is almost dead.
Sigmund casts a spell at you. The magic dart hits you!
You die...

#####'#######.#..######.#
#.# #....@.g.)..##..# #.#
#.# #...........##..##
#.# #.#
#...........##...# #.#
#.# ###.#######.###).##
#.# #.# #.# #####'###...#
#.# #.# #.#
#.......#.#.###.# #.#
##'###......)#.#..##.#
#.#
#..........)@@.......#
#.#
#............##.#.####
#.# #..........).##...#
#.#
####............###...#
#.# ................#
#...# #.#
......###.......# ##..#
#.# ...... #.......# #.>.
### ...... #...>...#
###.# ...... ######### .#


You could see Sigmund.

Vanquished Creatures
  Terence (D:2)
  3 gnolls
  An adder (D:2)
  3 dart slugs (D:1)
  A leopard gecko (D:1)
  A ball python (D:1)
  4 giant cockroaches
  4 goblins
  8 hobgoblins (D:2)
  3 jackals (D:2)
  5 kobolds
  6 bats (D:1)
  2 frilled lizards (D:1)
  2 rats (D:1)
44 creatures vanquished.

Notes
Turn   | Place    | Note
-------+----------+-------------------------------------------
     0 | D:1      | Host24 the Kobold Necromancer began the quest for the Orb.
     0 | D:1      | Reached XP level 1. HP: 10/10 MP: 3/3
     3 | D:1      | Learned a level 1 spell: Animate Skeleton
   147 | D:1      | Reached XP level 2. HP: 11/15 MP: 0/5
   402 | D:1      | Reached skill level 1 in Fighting
   602 | D:1      | Reached XP level 3. HP: 20/20 MP: 5/7
  1290 | D:2      | Reached XP level 4. HP: 23/26 MP: 3/8
  1393 | D:2      | Noticed Terence
  1415 | D:2      | Reached skill level 1 in Armour
  1521 | D:2      | Killed Terence
  1802 | D:2      | Noticed Sigmund
  1802 | D:2      | Reached XP level 5. HP: 28/30 MP: 5/9
  2320 | D:2      | HP: 1/30 [Sigmund/scythe of freezing (1)]
  2321 | D:2      | Killed from afar by Sigmund

Skill      XL: |  1  2  3  4 |
---------------+-------------+-----
Spellcasting   | 3 |  3.2
Fighting       | 1 2 |  2.0
Dodging        | 3 |  3.0
Armour         | 2 |  2.1
Stealth        | |  2.6
Necromancy     | |  4.0

Action                   |  1- 3 |  4- 6 || total
-------------------------+-------+-------++-------
Melee: Short sword       |       |     4 ||     4
 Cast: Pain              |    46 |    62 ||   108
       Animate Skeleton  |    13 |     8 ||    21
  Use: Potion            |       |     5 ||     5
  Eat: Chunk             |    10 |     2 ||    12
Armor: Mottled dragon sc |       |     8 ||     8
Dodge: Dodged            |     1 |    31 ||    32
